 Dungeon Crawl Stone Soup version 0.29.1-2-gbd0b4ee654 (webtiles) character file.

Game seed: 7094860563059797347

72 Turbognida the Chopper (level 4, -5/41 HPs)
             Began as a Gnoll Chaos Knight on Nov 25, 2022.
             Was a Plaything of Xom.
             Slain by Terence the worm (13 damage)
             ... on level 2 of the Dungeon.
             The game lasted 00:02:00 (1851 turns).

Turbognida the Chopper (Gnoll Chaos Knight)         Turns: 1851, Time: 00:02:01

Health: -5/41      AC:  5    Str: 13    XL:     4   Next: 25%
Magic:  5/5        EV: 12    Int: 12    God:    Xom [......]
Gold:   144        SH:  0    Dex: 11    Spells: 5/5 levels left

rFire   . . .      SeeInvis .   a - +0 hand axe (chaos)
rCold   + . .      Faith    .   (no shield)
rNeg    . . .      Spirit   .   i - +2 robe {rC+}
rPois   .          Reflect  .   g - +0 helmet
rElec   .          Harm     .   (no cloak)
rCorr   .          Rampage  .   (no gloves)
Will    .....                   (no boots)
Stlth   +.........              (no amulet)
HPRegen 0.13/turn               (no ring)
MPRegen 0.09/turn               (no ring)

@: mighty, hasted and slowed, invisible
A: fangs 1, strong nose, distributed training
a: Renounce Religion


You were on level 2 of the Dungeon.
You worshipped Xom.
You were a very special plaything of Xom.
You visited 1 branch of the dungeon, and saw 2 of its levels.

You collected 144 gold pieces.

Inventory:

Hand Weapons
 a - a +0 hand axe of chaos (weapon)
 n - a +1 vampiric dagger
Armour
 b - a +2 leather armour
 g - a +0 helmet (worn)
 i - a +2 robe of cold resistance (worn)
Jewellery
 m - a ring of willpower
Wands
 h - a wand of flame (5)
Scrolls
 d - 3 scrolls of teleportation {unknown}
 e - 4 scrolls of identify {unknown}
 f - a scroll of magic mapping {unknown}
 j - a scroll of blinking {unknown}
 k - a scroll of brand weapon {unknown}
Potions
 l - a potion of lignification {unknown}
 o - a potion of curing {unknown}
Miscellaneous
 c - a piece from Xom's chessboard (15/15) (quivered)


   Skills:
 + Level 6.6 Fighting
 + Level 1.1 Short Blades
 + Level 1.1 Long Blades
 + Level 6.6 Axes
 + Level 1.1 Maces & Flails
 + Level 1.1 Polearms
 + Level 1.1 Staves
 + Level 1.1 Ranged Weapons
 + Level 1.1 Throwing
 + Level 4.6 Armour
 + Level 2.7 Dodging
 + Level 1.1 Stealth
 + Level 1.1 Shields
 + Level 1.1 Unarmed Combat
 + Level 1.1 Spellcasting
 + Level 0.9 Conjurations
 + Level 0.9 Hexes
 + Level 0.9 Summonings
 + Level 0.9 Necromancy
 + Level 0.9 Translocations
 + Level 0.9 Transmutations
 + Level 0.9 Fire Magic
 + Level 0.9 Ice Magic
 + Level 0.9 Air Magic
 + Level 0.9 Earth Magic
 + Level 0.9 Poison Magic
 + Level 1.2 Invocations
 + Level 1.1 Evocations


You had 5 spell levels left.
You didn't know any spells.
Your spell library contained the following spells:

 Spells                   Type           Power      Damage    Failure   Level
 Sting                    Tmut/Pois      8%         1d3       21%         1
 Passwall                 Tmut/Erth      1%         N/A       30%         2
 Anguish                  Hex/Necr       1%         N/A       90%         4


Dungeon Overview and Level Annotations

Branches:
Dungeon (2/15)

Altars:

Annotations:
D:2 Terence


Innate Abilities, Weirdness & Mutations

You have very sharp teeth.
Your uncanny sense of smell can sniff out nearby items.
Your experience applies equally to all skills.


Message History

Terence is nearby!
Terence shouts!
Terence zaps a wand.
The puff of flame hits you.
Terence zaps a wand.
The puff of flame hits you.
You hit Terence but do no damage. Terence closely misses you.
You closely miss Terence. You bite Terence, but do no damage.
Terence hits you with a +0 flail!
You hit Terence.
Terence is poisoned.
Terence is lightly wounded. "Forecast: mostly cloudy."
You closely miss Terence. You bite Terence, but do no damage.
Terence is moderately wounded.
You are engulfed in seething chaos.
Xom's power touches on a nearby monster.
Terence evaporates and reforms as a worm!
You hit Terence. You burn Terence. Your punch misses Terence.
Terence is moderately wounded.
You are engulfed in seething chaos.
Terence closely misses you.
You hit Terence but do no damage.
Terence is moderately wounded.
You are engulfed in seething chaos.
You hit Terence.
Terence flickers and vanishes!
Deactivating autopickup; reactivate with Ctrl-A.
You are engulfed in seething chaos.
Something bites you but does no damage.
You hit something. You bite something.
You are engulfed in seething chaos.
You fade into invisibility!
Something bites you.
You emit a cloud of colourful smoke!
You closely miss something. You barely miss something.
Your bite misses something. Something bites you.
You hit something. Something bites you.
You barely miss something. Something bites you.
You slash something!
You feel yourself speed up.
You hit something. You burn something.
You feel very mighty all of a sudden. Something bites you!
* * * LOW HITPOINT WARNING * * *
You closely miss something. Your bite misses something.
You feel yourself slow down. Something bites you!
You die...

....# #.###.##...## ###.# #..
##...##.... #.# ... #.....#####
#.# .. ##...## #.# .. ##.## #.#
.### #.# #.# # ..# # #.# #.# #.
#{#.# ##'## #.#
#..###@#.#.###...## ###.#
#....ยงยงยง...##.....## #.#.#
#####..#####.......##
....##########...####...<.....###
....................'.........+..
........######...####.........###
#.#.###.# ####..# ##.......## #
....# #.# #.....# ##.....## #
###.# #.# #.##### ##...## #


There were no monsters in sight!

Vanquished Creatures
  Jessica (D:2)
  An adder (D:2)
  A worm (D:2)
  A dart slug (D:2)
  5 ball pythons (D:1)
  4 endoplasms
  2 giant cockroaches
  A hobgoblin (D:1)
  2 jackals (D:1)
  A quokka (D:1)
  2 bats (D:1)
  2 frilled lizards (D:1)
  3 goblins
  4 kobolds (D:1)
  A rat (D:1)
31 creatures vanquished.

Vanquished Creatures (collateral kills)
  A kobold (D:2)
1 creature vanquished.

Vanquished Creatures (others)
  2 fungi (D:2)
  3 plants (D:2)
5 creatures vanquished.

Grand Total: 37 creatures vanquished

Notes
Turn   | Place    | Note
-------+----------+-------------------------------------------
     0 | D:1      | Turbognida the Gnoll Chaos Knight began the quest for the
                  | Orb.
     0 | D:1      | Reached XP level 1. HP: 23/23 MP: 1/1
    29 | D:1      | XOM: divination: detect items
   177 | D:1      | Reached XP level 2. HP: 23/29 MP: 2/2
   278 | D:1      | XOM: divination: magic mapping
   394 | D:1      | XOM: silly message
   762 | D:1      | XOM: noise
   840 | D:1      | XOM: stat loss: -1 Dex (10/11)
   945 | D:2      | Reached XP level 3. HP: 33/35 MP: 3/3
   951 | D:2      | Noticed Jessica
   962 | D:2      | Killed Jessica
   963 | D:2      | Reached skill level 1 in Short Blades
   963 | D:2      | Reached skill level 1 in Long Blades
   963 | D:2      | Reached skill level 1 in Maces & Flails
   963 | D:2      | Reached skill level 1 in Polearms
   963 | D:2      | Reached skill level 1 in Staves
   963 | D:2      | Reached skill level 1 in Ranged Weapons
   963 | D:2      | Reached skill level 1 in Throwing
   963 | D:2      | Reached skill level 1 in Stealth
   963 | D:2      | Reached skill level 1 in Shields
   963 | D:2      | Reached skill level 1 in Unarmed Combat
   963 | D:2      | Reached skill level 1 in Spellcasting
   963 | D:2      | Reached skill level 1 in Invocations
   963 | D:2      | Reached skill level 1 in Evocations
   997 | D:2      | XOM: 8-stop teleportation journey
  1146 | D:2      | Noticed Terence
  1154 | D:2      | Got the Disquisition on the Dead and Transmigration
  1230 | D:2      | XOM: scenery: 2 doors open
  1254 | D:2      | Reached XP level 4. HP: 41/41 MP: 5/5
  1259 | D:2      | Found a faded altar of an unknown god.
  1298 | D:2      | XOM: 3-stop teleportation journey
  1839 | D:2      | XOM: chaos cloud
  1840 | D:2      | Noticed Terence
  1840 | D:2      | Terence changed into Terence the worm
  1840 | D:2      | XOM: polymorph Terence -> Terence the worm
  1844 | D:2      | XOM: smoke on damage
  1851 | D:2      | Slain by Terence the worm

Illustrated notes

Levels and vault maps discovered:
D:1:      lightli_arrival_maybe_door_vault, layout_basic
D:2:      layout_loops_corners, shapermc_ecumenical_altar_mp_ritualfount,
          uniq_jessica, uniq_terence

Skill      XL: |  1  2  3 |
---------------+----------+-----
Short Blades   | 1 |  1.1
Long Blades    | 1 |  1.1
Maces & Flails | 1 |  1.1
Polearms       | 1 |  1.1
Staves         | 1 |  1.1
Ranged Weapons | 1 |  1.1
Throwing       | 1 |  1.1
Stealth        | 1 |  1.1
Shields        | 1 |  1.1
Unarmed Combat | 1 |  1.1
Spellcasting   | 1 |  1.1
Invocations    | 1 |  1.2
Evocations     | 1 |  1.1
Fighting       | |  6.6
Axes           | |  6.6
Armour         | |  4.6
Dodging        | |  2.7
Conjurations   | |  0.9
Hexes          | |  0.9
Summonings     | |  0.9
Necromancy     | |  0.9
Translocations | |  0.9
Transmutations | |  0.9
Fire Magic     | |  0.9
Ice Magic      | |  0.9
Air Magic      | |  0.9
Earth Magic    | |  0.9
Poison Magic   | |  0.9

Action                   |  1- 3 |  4- 6 || total
-------------------------+-------+-------++-------
Melee: Hand axe          |    78 |    36 ||   114
       Bite              |     8 |     7 ||    15
       Punch             |     1 |       ||     1
 Stab: Sleeping          |       |     1 ||     1
Armor: Leather armour    |    24 |       ||    24
       Robe              |     5 |     6 ||    11
Dodge: Dodged            |    46 |     9 ||    55
